 Dungeon Crawl Stone Soup version 0.18.1-8-gdd0e5ea (webtiles) character file.

466 Television the Ruffian (level 6, 0/48 HPs)
             Began as a Mummy Monk on June 3, 2016.
             Slain by a slave (6 damage)
             ... led by Pikel
             ... on level 7 of the Dungeon.
             The game lasted 00:11:47 (5304 turns).

Television the Ruffian (Mummy Monk)                 Turns: 5304, Time: 00:11:48

Health: 0/48       AC:  3    Str: 16    XL:     6   Next: 81%
Magic:  6/6        EV: 13    Int: 10    God:
Gold:   213        SH:  0    Dex: 14    Spells: 0 memorised, 5 levels left

rFire  x . .     SeeInvis .       - Unarmed
rCold  + . .     Gourm    .     a - +0 robe
rNeg   + + +     Faith    .     (no shield)
rPois  ∞         Spirit   .     (no helmet)
rElec  .         Dismiss  .     (no cloak)
rCorr  .         Reflect  .     f - +0 pair of gloves
SustAt .         Harm     .     (no boots)
MR     .....                    (no amulet)
Stlth  ++........               (no ring)
                                (no ring)

@: about to teleport, not resistant to hostile enchantments, unstealthy
A: no food or potions, fire vulnerability, cold resistance 1, negative energy
resistance 3, torment resistance, unbreathing
a: no special abilities


You were on level 7 of the Dungeon.
You were not hungry.

You visited 1 branch of the dungeon, and saw 6 of its levels.

You collected 268 gold pieces.
You spent 55 gold pieces at shops.

Inventory:

Armour
 a - a +0 robe (worn)
 f - a +0 pair of gloves (worn)
Scrolls
 c - a scroll of enchant weapon {unknown}
 d - a scroll of fog
 e - a scroll of teleportation


   Skills:
 + Level 3.7 Fighting
 - Level 2.4 Dodging
 - Level 1.5 Stealth
 * Level 6.6 Unarmed Combat


You had 5 spell levels left.
You didn't know any spells.

Dungeon Overview and Level Annotations

Branches:
Dungeon (5/15)
 Temple: D:4-7

Altars:
Qazlal

Shops:
D:4 %*:   D:5 %

Annotations:
D:2 Natasha
D:4 raikaria's ghost, amateur HuFE
D:7 Pikel; Robin


Innate Abilities, Weirdness & Mutations

You do not eat or drink.
Your flesh is vulnerable to fire.
You are immune to poison.
Your flesh is cold resistant.
You are immune to negative energy.
You are immune to unholy pain and torment.
You can survive without breathing.


Message History

* * * LOW HITPOINT WARNING * * *
The slave shouts! 2 slaves come into view.
Read which item? (? for menu, Esc to quit)
As you read the scroll of teleportation, it crumbles to dust.
You feel strangely unstable.
The slave moves out of view.
Robin closely misses you.
Unknown command.
The slave shouts!
You hit the slave.
The slave is lightly wounded.
Robin closely misses you. The slave hits you.
* * * LOW HITPOINT WARNING * * *
Robin hits you but does no damage.
Unknown command.
Read which item? (? for menu, Esc to quit)
As you read the scroll labeled GESIEKHA FEAS, it crumbles to dust.
You feel blessed for a moment.
It was a scroll of remove curse.
Robin barely misses you. The slave hits you.
You die...

##########
#........#
#........#
#........#####
#........gg@p#
#.......o###p#
#........# .#
#####.#### K#
#.. p. #.. .p
#.l ... #..
...


You could see Pikel, 4 slaves, Robin (berserk), an orc and a goblin.

Vanquished Creatures
  Blork the orc (D:4)
  A giant frog (D:7)
  An orc priest (D:3)
  An orc wizard (D:4)
  A giant frog skeleton (D:4)
  An iguana (D:4)
  Natasha (D:2)
  2 worker ants (D:4)
  6 adders
  2 adder zombies
  An adder skeleton (D:3)
  3 dart slugs
  2 giant geckos
  4 orcs
  3 bats (D:1)
  3 giant cockroaches
  7 goblins
  3 hobgoblins
  15 jackals
  8 kobolds
  2 ball pythons
  A giant gecko skeleton (D:3)
  A giant gecko zombie (D:3)
  6 giant newts
  A jackal skeleton (D:3)
  A quokka skeleton (D:3)
  8 rats
  A fungus (D:3)
87 creatures vanquished.

Vanquished Creatures (others)
  A fungus (D:3)
1 creature vanquished.

Grand Total: 88 creatures vanquished

Notes
Turn   | Place    | Note
--------------------------------------------------------------
     0 | D:1      | Television the Mummy Monk began the quest for the Orb.
     0 | D:1      | Reached XP level 1. HP: 18/18 MP: 1/1
   272 | D:1      | Reached XP level 2. HP: 24/24 MP: 2/2
   913 | D:1      | Reached skill level 4 in Unarmed Combat
  1373 | D:2      | Reached XP level 3. HP: 29/29 MP: 3/3
  1477 | D:2      | Noticed Natasha
  1536 | D:2      | Killed Natasha
  1702 | D:2      | Reached XP level 4. HP: 29/35 MP: 4/4
  1810 | D:2      | Noticed Natasha
  2270 | D:3      | Reached skill level 5 in Unarmed Combat
  2392 | D:4      | Noticed raikaria's ghost (amateur HuFE)
  2512 | D:3      | Reached XP level 5. HP: 14/41 MP: 5/5
  3413 | D:4      | Found Homaynem's Book Emporium.
  3444 | D:5      | Entered Level 5 of the Dungeon
  3484 | D:5      | Found Quaggopias's Food Boutique.
  3559 | D:5      | Noticed an ogre
  3867 | D:4      | Found a stormy altar of Qazlal.
  3868 | D:4      | Noticed Robin
  4058 | D:4      | Noticed Blork the orc
  4195 | D:4      | Reached skill level 6 in Unarmed Combat
  4417 | D:4      | Killed Blork the orc
  4417 | D:4      | Reached XP level 6. HP: 17/47 MP: 6/6
  5249 | D:4      | Found Hunigoj's General Store.
  5253 | D:4      | Bought a scroll of teleportation for 33 gold pieces
  5253 | D:4      | Bought a scroll of fog for 22 gold pieces
  5266 | D:4      | Found Morph's Food Shoppe.
  5283 | D:4      | You fall through a shaft for 3 floors!
  5301 | D:7      | Noticed Pikel
  5301 | D:7      | Noticed a slave
  5301 | D:7      | Noticed a slave
  5302 | D:7      | Noticed a slave
  5302 | D:7      | Noticed a slave
  5304 | D:7      | Slain by a slave

Skill      XL: |  1  2  3  4  5 |
---------------+----------------+-----
Unarmed Combat | 4 5 6 |  6.6
Fighting       | |  3.7
Dodging        | |  2.4
Stealth        | |  1.5

Action                   |  1- 3 |  4- 6 || total
-------------------------+-------+-------++-------
Melee: Unarmed           |   108 |   265 ||   373
       Punch             |     2 |    10 ||    12
  Use: Scroll            |       |     5 ||     5
 Stab: Sleeping          |     2 |     5 ||     7
Armor: Robe              |    23 |    31 ||    54
Dodge: Dodged            |    57 |   143 ||   200
